 Dungeon Crawl Stone Soup version 0.30-a0-1160-g6e42c06551 (webtiles) character file.

Game seed: 4614832072705560382

299 greenreed the Trooper (level 6, -3/56 HPs)
             Began as a Minotaur Fighter on Apr 26, 2023.
             Slain by a gnoll
             ... wielding a +0 flail
             ... led by a gnoll bouda
              (10 damage)
             ... on level 4 of the Dungeon.
             The game lasted 00:05:09 (2580 turns).

greenreed the Trooper (Minotaur Fighter)            Turns: 2580, Time: 00:05:11

Health: -3/56      AC:  7    Str: 22    XL:     6   Next: 13%
Magic:  5/5        EV:  9    Int:  5    God:
Gold:   213        SH:  4    Dex: 10    Spells: 5/5 levels left

rFire   . . .        a - +0 war axe
rCold   . . .        c - +0 buckler
rNeg    . . .        b - +0 scale mail
rPois   .            (helmet restricted)
rElec   .            (no cloak)
rCorr   .            (no gloves)
SInv    .            (no boots)
Will    .....        (no amulet) Stlth
                     (no ring)
HPRegen 0.29/turn    (no ring)
MPRegen 0.09/turn

%: no passive effects
@: no status effects
A: horns 2, retaliatory headbutt
a: no special abilities


You were on level 4 of the Dungeon.
You visited 1 branch of the dungeon, and saw 4 of its levels.
You also visited: Sewer.

You collected 213 gold pieces.

Inventory:

Hand Weapons
 a - a +0 war axe (weapon)
Armour
 b - a +0 scale mail (worn)
 c - a +0 buckler (worn)
Wands
 r - a wand of flame (23)
 v - a wand of iceblast (5)
Scrolls
 g - 2 scrolls of teleportation {unknown}
 h - a scroll of vulnerability {unknown}
 i - 3 scrolls of identify {unknown}
 m - a scroll of silence {unknown}
 n - a scroll of poison {unknown}
 o - a scroll of fear {unknown}
 p - 3 scrolls of amnesia {unknown}
 q - a scroll of torment {unknown}
 s - 2 scrolls of blinking {unknown}
 t - 2 scrolls of magic mapping {unknown}
 u - a scroll of fog {unknown}
Potions
 d - 4 potions of might
 e - 4 potions of curing
 f - a potion of flight {unknown}
 j - a potion of lignification
 k - 2 potions of haste
 l - a potion of mutation {unknown}


   Skills:
 * Level 5.5 Fighting
 * Level 4.9 Axes
 + Level 4.7 Armour
 + Level 4.7 Shields


You had 5 spell levels left.
You didn't know any spells.
Your spell library contained the following spells:

 Spells                   Type           Power      Damage    Failure   Level
 Apportation              Tloc           0%         N/A       85%         1
 Shock                    Conj/Air       0%         1d3       85%         1
 Swiftness                Air            0%         N/A       99%         3
 Airstrike                Air            0%         2d(0-16)  100%        4
 Alistair's Intoxication  Tmut/Pois      0%         N/A       100%        5


Dungeon Overview and Level Annotations

Branches:
Dungeon (4/15)              Sewer (visited)
 Temple: D:4-7

Altars:


Innate Abilities, Weirdness & Mutations

You have a pair of horns on your head.
You reflexively headbutt those who attack you in melee.


Message History

You feel your attacks grow feeble. You block the gnoll bouda's attack.
You have reached level 6!
You hit the gnoll bouda but do no damage.
Your headbutt misses the gnoll bouda. The gnoll bouda barely misses you.
You barely miss the gnoll bouda. You block the gnoll bouda's attack.
You barely miss the gnoll bouda. You headbutt the gnoll bouda.
The gnoll bouda is lightly wounded.
The gnoll bouda hits you with a +0 club.
You are too injured to fight recklessly!
You are too injured to fight recklessly!
You are too injured to fight recklessly!
You are too injured to fight recklessly!
You are too injured to fight recklessly!
You hit the gnoll bouda but do no damage.
You headbutt the gnoll bouda!
The gnoll bouda is severely wounded.
Your attacks no longer feel as feeble.
The gnoll bouda barely misses you. The gnoll bouda misses you.
You furiously retaliate!
You headbutt the gnoll bouda, but do no damage.
You closely miss the gnoll bouda.
You headbutt the gnoll bouda, but do no damage.
The gnoll bouda is severely wounded.
You block the gnoll bouda's attack.
You slash the gnoll bouda!
You kill the gnoll bouda!
You hit the gnoll. Your headbutt misses the gnoll.
The gnoll is lightly wounded.
The gnoll hits you with a +0 flail!
The gnoll hits you from afar with a +0 spear.
The gnoll hits you with a +0 flail!
* * * LOW HITPOINT WARNING * * *
You slash the gnoll!
The gnoll is almost dead.
The gnoll is no longer moving quickly.
The gnoll hits you from afar with a +0 spear.
* * * LOW HITPOINT WARNING * * *
The gnoll hits you with a +0 flail!
You die...

# #
###############
####.............#
.†.........#####.#
####.#####.# #.#
#.# ##.## #.# #.#
#...# #.# #.#
#.#.# #.# #..
###.# #@# #.# ###
#g# #.# ######g#
...##.# ###.##.#
#..†...####
##g..........#
#.g#########.#
#.)#


You could see 2 gnolls.

Vanquished Creatures
  A kobold brigand (Sewer)
  A gnoll bouda (D:4)
  An orc wizard (D:4)
  2 gnolls (D:4)
  6 adders
  A river rat (Sewer)
  2 worms
  5 dart slugs
  6 orcs
  8 ball pythons
  5 endoplasms
  A giant cockroach (D:1)
  6 goblins
  2 hobgoblins (D:1)
  9 jackals
  10 kobolds
  4 quokkas
  2 bats
  2 frilled lizards
  6 rats
80 creatures vanquished.

Notes
Turn   | Place    | Note
-------+----------+-------------------------------------------
     0 | D:1      | greenreed the Minotaur Fighter began the quest for the Orb.
     0 | D:1      | Reached XP level 1. HP: 19/19 MP: 0/0
   205 | D:1      | Reached XP level 2. HP: 20/27 MP: 1/1
   347 | D:1      | Reached skill level 4 in Fighting
   909 | D:2      | Reached XP level 3. HP: 30/33 MP: 2/2
   996 | D:2      | Found a faded altar of an unknown god.
  1375 | D:3      | Reached XP level 4. HP: 40/41 MP: 3/3
  1402 | D:3      | Found a glowing drain.
  1424 | Sewer    | Entered a sewer
  1497 | Sewer    | Noticed a kobold brigand
  1514 | Sewer    | Killed a kobold brigand
  1515 | Sewer    | Reached skill level 5 in Fighting
  1515 | Sewer    | Reached XP level 5. HP: 20/48 MP: 4/4
  2573 | D:4      | Reached XP level 6. HP: 31/56 MP: 5/5
  2580 | D:4      | Slain by a gnoll

Illustrated notes

Levels and vault maps discovered:
D:1:      shiori_angband_town, layout_loops_ring, patterned_corridor
D:2:      layout_rooms, hellmonk_ecumenical_altar_dog_temple
D:3:      layout_basic, portal_sewer_entry_d, kennysheep_generic_room_12
D:4:      layout_loops_ring, makhleb_altar_promises_db,
          nicolae_overflow_hidden_temple, tgw_kikubaaqudgha,
          amcnicky_altar_gilded, minmay_temple_entry_from_below_a, hex_tiny,
          minivault_14

Skill      XL: |  1  2  3  4 |
---------------+-------------+-----
Fighting       | 4 5 |  5.5
Axes           | 3 4 |  4.9
Armour         | 4 |  4.7
Shields        | 4 |  4.7

Action                     |  1- 3 |  4- 6 || total
---------------------------+-------+-------++-------
  Melee: War axe           |    73 |   114 ||   187
         Headbutt          |     8 |    20 ||    28
    Use: Potion            |       |     5 ||     5
 Armour: Scale mail        |    35 |    54 ||    89
  Dodge: Dodged            |    32 |    58 ||    90
  Block: Buckler           |    13 |    31 ||    44

Table legend: (Time is in decaauts)
 A = Elapsed time spent in this place.
 B = Non-inter-level travel time spent in this place.
 C = Inter-level travel time spent in this place.
 D = Time resting spent in this place.
 E = Time spent auto-exploring this place.
 F = Levels seen in this place.
 G = Mean time per level.
                   A        B        C        D        E       F      G
               +--------+--------+--------+--------+--------+-----+--------+
         Total |   2701 |   2636 |     65 |     36 |   1944 |   5 |  540.2 |
       Dungeon |   2129 |   2064 |     65 |      0 |   1605 |   4 |  532.2 |
         Sewer |    571 |    571 |      0 |     36 |    339 |   1 |  571.0 |
               +--------+--------+--------+--------+--------+-----+--------+

Top non-repeatable levels by time:
     D:3: 807 daAuts
     D:1: 799 daAuts
   Sewer: 571 daAuts
     D:2: 414 daAuts
     D:4: 107 daAuts
